 Dungeon Crawl Stone Soup version 0.17.0-26-gececa24 (webtiles) character file.

3560 4thArraOfDagon the Cleaver (level 10, 0/89 (90) HPs)
             Began as a Hill Orc Berserker on Nov 20, 2015.
             Was a Believer of Trog.
             Shot with an arrow by a centaur (14 damage)
             ... on level 11 of the Dungeon.
             The game lasted 00:10:31 (1894 turns).

4thArraOfDagon the Cleaver (Hill Orc Berserker)     Turns: 1894, Time: 00:10:31

HP:   0/89 (90)     AC: 14    Str: 21    XL:     10   Next: 9%
MP:   10/10         EV: 13    Int: 10    God:    Trog [**....]
Gold: 17            SH:  0    Dex: 10    Spells: 0 memorised, 9 levels left

rFire  + . .     SeeInvis .     a - +0 hand axe
rCold  . . .     Clarity  .     d - +0 swamp dragon armour
rNeg   . . .     SustAt   .     (no shield)
rPois  +         Gourm    .     f - +0 helmet
rElec  .         Spirit   .     u - +1 cloak
rCorr  .         Warding  .     y - +0 pair of gloves
rMut   .         Stasis   .     (no boots)
MR     ++...                    (no amulet)
Stlth  ..........               (no ring)
                                r - ring of protection from fire

@: exhausted, regenerating, hasted and slowed, very resistant to hostile
enchantments, extremely unstealthy
A: no striking features
a: Berserk, Trog's Hand, Burn Spellbooks, Renounce Religion


You were on level 11 of the Dungeon.
You worshipped Trog.
Trog was pleased with you.
You were hungry.

You visited 1 branch of the dungeon, and saw 11 of its levels.

You collected 266 gold pieces.
You spent 249 gold pieces at shops.

Inventory:

Hand Weapons
 a - a +0 hand axe (weapon)
Armour
 d - a +0 swamp dragon armour (worn)
 f - a +0 helmet (worn)
 u - a +1 cloak (worn)
 y - a +0 pair of gloves (worn)
Jewellery
 r - a ring of protection from fire (left hand)
Wands
 m - a wand of fireball (5)
Scrolls
 b - a scroll of identify
 e - a scroll of fear {unknown}
 g - 2 scrolls of remove curse
 l - 2 scrolls of immolation
 n - 2 scrolls of fog {unknown}
 p - a scroll of enchant weapon {unknown}
 q - 2 scrolls of magic mapping
 w - a scroll of torment {unknown}
 x - a scroll of summoning {unknown}
 z - a scroll of brand weapon {unknown}
Books
 o - a book of the Earth

   Spells                             Type                      Level
   a - Leda's Liquefaction            Hexes/Earth                  4
   b - Bolt of Magma                  Conjuration/Fire/Earth       5
   c - Statue Form                    Transmutation/Earth          6
   d - Iron Shot                      Conjuration/Earth            6
   e - Shatter                        Earth                        9
   Trog disapproves of the use of such an item.
Comestibles
 c - 3 bread rations
 j - 3 meat rations
 s - a royal jelly
 t - 6 chunks of flesh


   Skills:
 + Level 8.4 Fighting
 * Level 12.2 Axes
 + Level 7.1 Armour
 + Level 5.4 Dodging


You had 9 spell levels left.
You didn't know any spells.

Dungeon Overview and Level Annotations

Branches:
Dungeon (11/15)            Temple (0/1) D:7
   Lair: D:8-11         Orc: D:9-12

Altars:
Ru

Shops:
D:7 ?   D:10 *

Annotations:
D:11 oplop's ghost, novice MiFi


Message History

Unknown command.
Unknown command.
Your skin crawls.
You feel resistant to hostile enchantments.
You are feeling hungry.
The centaur shoots an arrow.
The arrow hits you but does no damage.
The centaur shoots an arrow.
The arrow hits you but does no damage.
Unknown command.
Unknown command.
Unknown command.
Read which item? (? for menu, Esc to quit)
Okay, then.
Drink which item? (? for menu, Esc to quit)
Okay, then.
Drink which item? (? for menu, Esc to quit)
You feel yourself speed up.
The worker ant twitches its antennae in your direction.
The centaur shoots an arrow.
The arrow hits you but does no damage.
The centaur shoots an arrow.
The arrow hits you!
You die...

*,,** ##....# ********,** **,,*
####.# ***,,,* ###+#* #.# *,,,***
.....*##########'## **+******
.....*#...........# ***,,,,,,,*
.....##.(.........#****,+,,,,,,,*
.....#.....)......#,,,,,*,,,,,,,*
a.........c)....W.+,*****,,,,,,,*
.....##....a....@.#** *,,,,,,,*
.....*#...........# *,,,,,,,*
.....*############# *,,,,,,,*
..%..* **+****** ###'#* *,,,*
**o.* ***,*** *,.#* *,,,* *,**
******+** #'#### *,,,,,,,*


You could see a centaur, a worker ant and oplop's ghost.

Vanquished Creatures
  A hill giant (D:10)
  2 manticores (D:11)
  2 two-headed ogres (D:11)
  4 yaks (D:11)
  A hungry ghost (D:10)
  A wyvern (D:11)
  A hippogriff (D:11)
  The ghost of Sar the Conjurer, an amateur HaCj (D:4)
  A black bear (D:11)
  A necrophage (D:8)
  A centaur (D:8)
  A big kobold (D:11)
  A scorpion (D:4)
  6 killer bees (D:8)
  2 orc wizards
  A giant frog skeleton (D:11)
  2 orc priests
  A centaur skeleton (D:4)
  An iguana (D:11)
  3 worker ants
  A gnoll (D:4)
  7 adders
  An adder skeleton (D:4)
  2 giant geckos
  17 orcs
  2 hobgoblins (D:2)
  2 giant newts
  2 goblins (D:2)
  3 jackals (D:4)
  10 kobolds
81 creatures vanquished.

Vanquished Creatures (others)
  An orc (D:4)
1 creature vanquished.

Grand Total: 82 creatures vanquished

Notes
Turn   | Place    | Note
--------------------------------------------------------------
     0 | D:1      | 4thArraOfDagon the Hill Orc Berserker began the quest for the Orb.
     0 | D:1      | Reached XP level 1. HP: 19/19 MP: 1/1
   139 | D:2      | Found a sacrificial altar of Ru.
   153 | D:2      | Reached XP level 2. HP: 27/27 MP: 2/2
   450 | D:4      | Reached XP level 3. HP: 33/33 MP: 3/3
   497 | D:4      | Noticed a scorpion
   516 | D:4      | Noticed Sar's ghost (amateur HaCj)
   524 | D:4      | Killed a scorpion
   524 | D:4      | Reached skill level 5 in Axes
   524 | D:4      | Reached XP level 4. HP: 40/40 MP: 4/4
   531 | D:4      | Killed Sar's ghost
   531 | D:4      | Reached skill level 6 in Axes
   531 | D:4      | Reached XP level 5. HP: 35/47 MP: 5/5
   598 | D:4      | Reached XP level 6. HP: 24/53 MP: 6/6
   644 | D:4      | Reached ** piety under Trog
   677 | D:4      | Reached skill level 5 in Fighting
   677 | D:4      | Reached skill level 7 in Axes
   723 | D:5      | Entered Level 5 of the Dungeon
   777 | D:7      | Found a staircase to the Ecumenical Temple.
   995 | D:7      | Found Esytatol's Magic Scroll Boutique.
  1004 | D:7      | Bought a scroll of identify for 22 gold pieces
  1004 | D:7      | Bought a scroll of teleportation for 33 gold pieces
  1004 | D:7      | Bought a scroll of identify for 22 gold pieces
  1004 | D:7      | Bought a scroll of identify for 22 gold pieces
  1004 | D:7      | Bought a scroll of teleportation for 33 gold pieces
  1162 | D:8      | Reached XP level 7. HP: 60/60 MP: 7/7
  1172 | D:8      | Reached skill level 8 in Axes
  1182 | D:8      | Reached XP level 8. HP: 16/69 MP: 8/8
  1239 | D:10     | Entered Level 10 of the Dungeon
  1252 | D:10     | Noticed a centaur skeleton
  1419 | D:10     | Found Itim Moe's Assorted Antiques.
  1422 | D:10     | Bought a scroll labeled SYOMERHO WESCH for 24 gold pieces
  1422 | D:10     | Bought a scroll labeled DAASUMECUK for 24 gold pieces
  1422 | D:10     | Bought a lumpy white potion for 21 gold pieces
  1422 | D:10     | Bought a scroll labeled LUGUAV ODAU for 24 gold pieces
  1422 | D:10     | Bought a scroll labeled SYOMERHO WESCH for 24 gold pieces
  1443 | D:11     | Noticed oplop's ghost (novice MiFi)
  1523 | D:10     | Noticed a hill giant
  1557 | D:10     | Killed a hill giant
  1557 | D:10     | Reached skill level 9 in Axes
  1557 | D:10     | Reached skill level 5 in Armour
  1572 | D:10     | Reached skill level 10 in Axes
  1677 | D:11     | Noticed a two-headed ogre
  1685 | D:11     | Killed a two-headed ogre
  1685 | D:11     | Reached XP level 9. HP: 78/78 MP: 9/9
  1740 | D:11     | Noticed a manticore
  1746 | D:11     | Noticed a manticore
  1805 | D:11     | Killed a manticore
  1805 | D:11     | Reached skill level 11 in Axes
  1807 | D:11     | Reached skill level 5 in Dodging
  1814 | D:11     | Killed a manticore
  1838 | D:11     | HP: 4/80 [iguana (10)]
  1844 | D:11     | HP: 2/80 [iguana (6)]
  1861 | D:11     | Noticed a two-headed ogre
  1874 | D:11     | Reached skill level 12 in Axes
  1874 | D:11     | Reached XP level 10. HP: 47/87 MP: 10/10
  1880 | D:11     | Killed a two-headed ogre
  1894 | D:11     | Shot with an arrow by a centaur

Action                   |  1- 3 |  4- 6 |  7- 9 | 10-12 || total
-------------------------+-------+-------+-------+-------++-------
Melee: Hand axe          |    31 |   106 |   181 |     5 ||   323
Throw: Throwing net      |       |       |     1 |       ||     1
Invok: Berserk           |     2 |     3 |     5 |       ||    10
       Trog's Hand       |       |     2 |    13 |     1 ||    16
Evoke: Wand              |       |       |     1 |       ||     1
  Use: Scroll            |       |     3 |     6 |     1 ||    10
       Potion            |       |     2 |     1 |     1 ||     4
 Stab: Invisible         |       |     4 |       |       ||     4
  Eat: Chunk             |       |     5 |     6 |     1 ||    12
       Fruit             |       |       |     4 |       ||     4
